MID
CLINTON LUMBERKINGS @ KANNAPOLIS INTIMIDATORS
09/25/2045
 
TOP OF THE 1ST
Clinton LumberKings batting - Pitching for Kannapolis Intimidators : RHP Servaas Morrow
Pitching: RHP Servaas Morrow
Batting: RHB Tomokazu Sugimoto 0-0: Ball
1-0: Swinging Strike
1-1: Fly out, F7 (Line Drive, 7, EV 88.8 MPH)
Batting: SHB Jose Castillo 0-0: Ball
1-0: Ball
2-0: Ball
3-0: Base on Balls
Batting: RHB Joe Stading 0-0: Ball
Jose Castillo is caught stealing 2nd base 2-4
1-0: Ball
2-0: Foul Ball, location: 2F
2-1: Ground out 4-3 (Groundball, 34D, EV 97.5 MPH)
Top of the 1st over - 0 runs, 0 hits, 0 errors, 0 left on base; Clinton 0 - Kannapolis 0
BOTTOM OF THE 1ST
Kannapolis Intimidators batting - Pitching for Clinton LumberKings : LHP Matt Lee
Pitching: LHP Matt Lee
Batting: RHB Colby Macon 0-0: Ground out 4-3 (Groundball, 34, EV 100.0 MPH)
Batting: LHB Joe Kirkland 0-0: Foul Ball, location: 2F
0-1: Called Strike
0-2: SINGLE (Groundball, 34D, EV 101.9 MPH) (infield hit)
Batting: LHB Chris Redding 0-0: Ball
1-0: Called Strike
1-1: Ball
2-1: Called Strike
2-2: Ball
3-2: Strikes out swinging
Joe Kirkland is caught stealing 2nd base 2-6
Batter strikes out.
Bottom of the 1st over - 0 runs, 1 hit, 0 errors, 0 left on base; Clinton 0 - Kannapolis 0
TOP OF THE 2ND
Clinton LumberKings batting - Pitching for Kannapolis Intimidators : RHP Servaas Morrow
Batting: LHB Justin Long 0-0: Ball
1-0: Swinging Strike
1-1: Called Strike
1-2: Strikes out swinging
Batting: RHB Micah Roth 0-0: Ball
1-0: SINGLE (Groundball, 23, EV 65.6 MPH) (infield hit)
Batting: LHB Chang Huie 0-0: Ball
1-0: Foul Ball, location: 2F
1-1: Called Strike
1-2: Fielders Choice at 2nd, 4-6 (Groundball, 34, EV 104.4 MPH)
Batting: SHB Raghnall Ahearne 0-0: Ball
Chang Huie steals 2nd base
1-0: Foul Ball, location: 2F
1-1: Ball
2-1: Ball
3-1: Base on Balls
Batting: RHB Clay Statum 0-0: Ball
1-0: Ball
2-0: Foul Ball, location: 2F
2-1: Ball
3-1: Called Strike
3-2: Base on Balls
Chang Huie to third
Raghnall Ahearne to second
Batting: RHB Danny Pujols 0-0: Foul Ball, location: 2F
0-1: Foul Ball, location: 2F
0-2: Ball
Passed Ball!
Chang Huie scores
Raghnall Ahearne to third
Clay Statum to second
1-2: Ball
2-2: Strikes out swinging
Top of the 2nd over - 1 run, 1 hit, 0 errors, 2 left on base; Clinton 1 - Kannapolis 0
BOTTOM OF THE 2ND
Kannapolis Intimidators batting - Pitching for Clinton LumberKings : LHP Matt Lee
Batting: RHB Tyrell Camp 0-0: Ball
1-0: Ball
2-0: Fly out, F6 (Flyball, 6D, EV 90.6 MPH)
Batting: RHB Mitch Cuadros 0-0: Ball
1-0: DOUBLE (Groundball, 5L, EV 106.2 MPH)
Batting: RHB Will Washburn 0-0: Ball
1-0: Called Strike
1-1: Ball
2-1: Foul Ball, location: 2F
2-2: Ball
3-2: Base on Balls
Batting: RHB Justin Harris 0-0: Ball
1-0: Ball
2-0: Ball
3-0: Called Strike
3-1: Base on Balls
Mitch Cuadros to third
Will Washburn to second
Batting: SHB Jason Bresnahan 0-0: SINGLE (Groundball, 5L, EV 86.9 MPH) (infield hit)
Mitch Cuadros scores
Will Washburn to third
Justin Harris to second
Batting: RHB Harvey Harvey 0-0: Called Strike
0-1: Fly out, F9 (Flyball, 9LM, EV 98.1 MPH)
Runner from 3rd tags up, SCORES, throw by RF
Justin Harris to third
Batting: RHB Colby Macon 0-0: Ball
1-0: Ball
Jason Bresnahan steals 2nd base
2-0: Ball
3-0: Called Strike
3-1: Foul Ball, location: 2F
3-2: Foul Ball, location: 2F
3-2: Strikes out looking
Bottom of the 2nd over - 2 runs, 2 hits, 0 errors, 2 left on base; Clinton 1 - Kannapolis 2
TOP OF THE 3RD
Clinton LumberKings batting - Pitching for Kannapolis Intimidators : RHP Servaas Morrow
Batting: RHB Tomokazu Sugimoto 0-0: Ball
1-0: Swinging Strike
1-1: Ground out 6-3 (Groundball, P, EV 83.8 MPH)
Batting: SHB Jose Castillo 0-0: Foul Ball, location: 2F
0-1: Swinging Strike
0-2: Strikes out looking
Batting: RHB Joe Stading 0-0: SINGLE (Groundball, 56D, EV 101.2 MPH)
Batting: LHB Justin Long 0-0: Called Strike
0-1: Ball
1-1: Called Strike
1-2: Ball
2-2: Foul Ball, location: 2F
2-2: Ball
3-2: DOUBLE (Flyball, 8LXD, EV 93.1 MPH)
Joe Stading to third
Joe Stading scores
Batting: RHB Micah Roth 0-0: Ball
1-0: Foul Ball, location: 2F
1-1: Ground out 5-3 (Groundball, 5S, EV 83.8 MPH)
Top of the 3rd over - 1 run, 2 hits, 0 errors, 1 left on base; Clinton 2 - Kannapolis 2
BOTTOM OF THE 3RD
Kannapolis Intimidators batting - Pitching for Clinton LumberKings : LHP Matt Lee
Batting: LHB Joe Kirkland 0-0: Ball
1-0: Ball
2-0: Ground out U3 (Groundball, 3, EV 85.6 MPH)
Batting: LHB Chris Redding 0-0: Foul Ball, location: 2F
0-1: Foul Ball, location: 2F
0-2: Strikes out swinging
Batting: RHB Tyrell Camp 0-0: Called Strike
0-1: Foul Ball, location: 2F
0-2: Strikes out swinging
Bottom of the 3rd over - 0 runs, 0 hits, 0 errors, 0 left on base; Clinton 2 - Kannapolis 2
TOP OF THE 4TH
Clinton LumberKings batting - Pitching for Kannapolis Intimidators : RHP Servaas Morrow
Batting: LHB Chang Huie 0-0: Called Strike
0-1: Swinging Strike
0-2: Ball
1-2: Foul Ball, location: 2F
1-2: Ball
2-2: Strikes out swinging
Batting: SHB Raghnall Ahearne 0-0: Ball
1-0: Called Strike
1-1: Ball
2-1: SINGLE (Groundball, 13S, EV 67.5 MPH) (infield hit)
Batting: RHB Clay Statum 0-0: Called Strike
Raghnall Ahearne steals 2nd base
0-1: Ball
1-1: Called Strike
1-2: Strikes out swinging
Batting: RHB Danny Pujols 0-0: Called Strike
0-1: Called Strike
0-2: Strikes out swinging
Top of the 4th over - 0 runs, 1 hit, 0 errors, 1 left on base; Clinton 2 - Kannapolis 2
BOTTOM OF THE 4TH
Kannapolis Intimidators batting - Pitching for Clinton LumberKings : LHP Matt Lee
Batting: RHB Mitch Cuadros 0-0: Ball
1-0: Foul Ball, location: 2F
1-1: Ball
2-1: SOLO HOME RUN (Flyball, 7D, EV 93.1 MPH), Distance : 348 ft
Batting: RHB Will Washburn 0-0: Ball
1-0: Ball
2-0: Ball
3-0: Base on Balls
Batting: RHB Justin Harris 0-0: Ball
1-0: Ball
2-0: Foul Ball, location: 2F
2-1: SINGLE (Flyball, 4MD, EV 99.4 MPH)
Will Washburn to second
Batting: SHB Jason Bresnahan 0-0: SINGLE (Groundball, 6MD, EV 100.0 MPH)
Will Washburn to third
Justin Harris to second
Batting: RHB Harvey Harvey 0-0: Ball
1-0: Fielders Choice at 2nd, 3-6 (Groundball, 34, EV 87.5 MPH)
Will Washburn scores
Justin Harris to third
Batting: RHB Colby Macon 0-0: Ball
1-0: Called Strike
1-1: DOUBLE (Line Drive, 89D, EV 107.5 MPH)
Justin Harris scores
Harvey Harvey to third
Runner from 3rd tries for Home, SAFE, throw by CF to home
Pitching: RHP Jason Childress
Batting: LHB Joe Kirkland 0-0: Foul Ball, location: 2F
0-1: Called Strike
0-2: Ball
1-2: Strikes out swinging
Batting: LHB Chris Redding 0-0: Foul Ball, location: 2F
0-1: Ball
1-1: Swinging Strike
1-2: Ground out U3 (Groundball, 34, EV 96.2 MPH)
Bottom of the 4th over - 4 runs, 4 hits, 0 errors, 1 left on base; Clinton 2 - Kannapolis 6
TOP OF THE 5TH
Clinton LumberKings batting - Pitching for Kannapolis Intimidators : RHP Servaas Morrow
Batting: RHB Tomokazu Sugimoto 0-0: Foul Ball, location: 2F
0-1: Ball
1-1: Fly out, F6 (Line Drive, 6, EV 63.8 MPH)
Batting: SHB Jose Castillo 0-0: Foul Ball, location: 2F
0-1: Ball
1-1: Foul Ball, location: 2F
1-2: Strikes out swinging
Batting: RHB Joe Stading 0-0: Called Strike
0-1: Ground out 5-3 (Groundball, 56, EV 85.0 MPH)
Top of the 5th over - 0 runs, 0 hits, 0 errors, 0 left on base; Clinton 2 - Kannapolis 6
BOTTOM OF THE 5TH
Kannapolis Intimidators batting - Pitching for Clinton LumberKings : RHP Jason Childress
Batting: RHB Tyrell Camp 0-0: Foul Ball, location: 2F
0-1: Swinging Strike
0-2: Ball
1-2: Strikes out looking
Batting: RHB Mitch Cuadros 0-0: Fly out, F3 (Popup, 3F, EV 55.6 MPH)
Batting: RHB Will Washburn 0-0: Called Strike
0-1: Called Strike
0-2: Strikes out looking
Bottom of the 5th over - 0 runs, 0 hits, 0 errors, 0 left on base; Clinton 2 - Kannapolis 6
TOP OF THE 6TH
Clinton LumberKings batting - Pitching for Kannapolis Intimidators : RHP Servaas Morrow
Batting: LHB Justin Long 0-0: Ball
1-0: SOLO HOME RUN (Flyball, 9LD, EV 92.5 MPH), Distance : 333 ft
Batting: RHB Micah Roth 0-0: Ball
1-0: Called Strike
1-1: Ball
2-1: Foul Ball, location: 2F
2-2: Ball
3-2: Base on Balls
Batting: LHB Chang Huie 0-0: Foul Ball, location: 2F
0-1: Ball
1-1: Ball
2-1: Swinging Strike
Passed Ball!
Micah Roth to second
2-2: Ground out 4-3 (Groundball, 4, EV 86.2 MPH)
Micah Roth to third
Batting: SHB Raghnall Ahearne 0-0: Fly out, F7 (Flyball, 78D, EV 102.5 MPH)
Runner from 3rd tags up, SCORES, throw by LF
Batting: RHB Clay Statum 0-0: Called Strike
0-1: Foul Ball, location: 2F
0-2: Ball
1-2: Strikes out swinging
Top of the 6th over - 2 runs, 1 hit, 0 errors, 0 left on base; Clinton 4 - Kannapolis 6
BOTTOM OF THE 6TH
Kannapolis Intimidators batting - Pitching for Clinton LumberKings : RHP Jason Childress
Batting: RHB Justin Harris 0-0: Called Strike
0-1: Swinging Strike
0-2: Strikes out swinging
Batting: SHB Jason Bresnahan 0-0: Foul Ball, location: 2F
0-1: Ball
1-1: Foul Ball, location: 2F
1-2: Reached on error, E1 (Groundball, 13S, EV 65.0 MPH)
Batting: RHB Harvey Harvey 0-0: Ball
1-0: Ball
Passed Ball!
Jason Bresnahan to third
2-0: Ball
3-0: Called Strike
3-1: Base on Balls
Batting: RHB Colby Macon 0-0: Called Strike
0-1: Called Strike
0-2: Foul Ball, location: 2F
0-2: Ball
1-2: Ball
2-2: Strikes out looking
Batting: LHB Joe Kirkland 0-0: Called Strike
Harvey Harvey steals 2nd base
0-1: Ball
1-1: Ball
2-1: Foul Ball, location: 2F
2-2: Ball
3-2: DOUBLE (Line Drive, 7LS, EV 100.0 MPH)
Jason Bresnahan scores
Harvey Harvey scores
Batting: LHB Chris Redding 0-0: Called Strike
0-1: Ball
1-1: Ball
2-1: Ball
3-1: Base on Balls
Pitching: RHP Mike Bator
Batting: RHB Tyrell Camp 0-0: Ball
1-0: Called Strike
1-1: Swinging Strike
1-2: Ball
2-2: Strikes out swinging
Bottom of the 6th over - 2 runs, 1 hit, 1 error, 2 left on base; Clinton 4 - Kannapolis 8
TOP OF THE 7TH
Clinton LumberKings batting - Pitching for Kannapolis Intimidators : RHP Servaas Morrow
Batting: RHB Danny Pujols 0-0: Ground out 6-3 (Groundball, 6, EV 109.4 MPH)
Pitching: RHP Ian Savary
Batting: RHB Tomokazu Sugimoto 0-0: Called Strike
0-1: Ball
1-1: Called Strike
1-2: Ball
2-2: Ball
3-2: Strikes out looking
Batting: SHB Jose Castillo 0-0: Ball
1-0: Fly out, F8 (Line Drive, 8RD, EV 91.2 MPH)
Top of the 7th over - 0 runs, 0 hits, 0 errors, 0 left on base; Clinton 4 - Kannapolis 8
BOTTOM OF THE 7TH
Kannapolis Intimidators batting - Pitching for Clinton LumberKings : RHP Mike Bator
Batting: RHB Mitch Cuadros 0-0: Fly out, F4 (Popup, 34, EV 73.1 MPH)
Batting: RHB Will Washburn 0-0: Called Strike
0-1: Foul Ball, location: 2F
0-2: Strikes out swinging
Batting: RHB Justin Harris 0-0: DOUBLE (Groundball, 5L, EV 101.9 MPH)
Batting: SHB Jason Bresnahan 0-0: Called Strike
0-1: Swinging Strike
0-2: Ground out 3-1 (Groundball, 34, EV 105.6 MPH)
Bottom of the 7th over - 0 runs, 1 hit, 0 errors, 1 left on base; Clinton 4 - Kannapolis 8
TOP OF THE 8TH
Clinton LumberKings batting - Pitching for Kannapolis Intimidators : RHP Ian Savary
Batting: RHB Joe Stading 0-0: Ball
1-0: Fly out, F9 (Flyball, 9, EV 90.0 MPH)
Batting: LHB Justin Long 0-0: Called Strike
0-1: Swinging Strike
0-2: Ball
1-2: Strikes out swinging
Batting: RHB Micah Roth 0-0: Called Strike
0-1: Called Strike
0-2: Strikes out looking
Top of the 8th over - 0 runs, 0 hits, 0 errors, 0 left on base; Clinton 4 - Kannapolis 8
BOTTOM OF THE 8TH
Kannapolis Intimidators batting - Pitching for Clinton LumberKings : RHP Mike Bator
Batting: RHB Harvey Harvey 0-0: Ball
1-0: Ball
2-0: Swinging Strike
2-1: Called Strike
2-2: Foul Ball, location: 2F
2-2: Strikes out swinging
Batting: RHB Colby Macon 0-0: Called Strike
0-1: Reached on error, E9 (Line Drive, 9, EV 109.4 MPH)
Batting: LHB Joe Kirkland 0-0: Fly out, F8 (Line Drive, 8RM, EV 94.4 MPH)
Batting: LHB Chris Redding 0-0: Ball
1-0: Ball
2-0: Ball
3-0: Called Strike
3-1: Base on Balls
Colby Macon to second
Batting: RHB Tyrell Camp 0-0: Ball
1-0: Ball
2-0: Called Strike
2-1: SINGLE (Flyball, 56D, EV 89.4 MPH)
Colby Macon to third
Chris Redding to second
Runner from 3rd tries for Home, SAFE, throw by LF to home
Batting: RHB Mitch Cuadros 0-0: Foul Ball, location: 2F
0-1: Called Strike
0-2: Ball
1-2: Strikes out swinging
Bottom of the 8th over - 1 run, 1 hit, 1 error, 2 left on base; Clinton 4 - Kannapolis 9
TOP OF THE 9TH
Clinton LumberKings batting - Pitching for Kannapolis Intimidators : RHP Ian Savary
Batting: LHB Chang Huie 0-0: Ball
1-0: Ball
2-0: Ball
3-0: Called Strike
3-1: Base on Balls
Batting: SHB Raghnall Ahearne 0-0: Called Strike
0-1: Foul Ball, location: 2F
0-2: Strikes out swinging
Batting: RHB Clay Statum 0-0: Foul Ball, location: 2F
0-1: Foul Ball, location: 2F
0-2: Strikes out swinging
Batting: RHB Danny Pujols 0-0: Swinging Strike
0-1: Swinging Strike
0-2: Ball
1-2: Ball
2-2: Strikes out swinging
Top of the 9th over - 0 runs, 0 hits, 0 errors, 1 left on base; Clinton 4 - Kannapolis 9
Wednesday, June 22nd , 2022 - OOTP Baseball 23.4 Build 64